 Dungeon Crawl Stone Soup version 0.14-a0-3315-g09e681a (webtiles) character file.

111012 4tharraofdagon the Nimble (level 16, -4/132 (136) HPs)
             Began as a Centaur Gladiator on Mar 15, 2014.
             Was a High Priest of Ashenzari.
             Killed from afar by a titan (41 damage)
             ... with a bolt of lightning
             ... in Pandemonium.
             The game lasted 02:22:36 (18819 turns).

4tharraofdagon the Nimble (Centaur Gladiator)      Turns: 18819, Time: 02:22:36

HP  -4/132 (136) AC 20     Str 24 (25) XL: 16   Next:  7%
MP  19/25        EV 17     Int 11 (12) God: Ashenzari [*****.]
Gold 401         SH  0     Dex 14 (15) Spells:  7 memorised,  2 levels left

rFire  . . .     SeeInvis +     c - +8,+7 quick blade (stab) (curse)
rCold  . . .     Clarity  +     v - +2 troll leather armour (curse)
rNeg   . . .     Conserve .     (no shield)
rPois  +         rCorr    .     B - +2 hat of the Illusory Realms {Str+4 Dex+4}
rElec  .         rRot     .     Y - +1 cloak {rPois}
SustAb . .       Spirit   .     (no gloves)
rMut   .         Warding  .     r - +0 centaur barding (curse)
Saprov . . .     Stasis   .     J - amulet of rage
MR     +....                    H - cursed ring of regeneration
                                m - ring of teleport control

@: very slightly contaminated, very quick, somewhat resistant to hostile
enchantments, very unstealthy
A: hooves 3, horns 1, repulsion field 1, yellow scales 1, clarity, deformed
body, deterioration 2, herbivore 1, speed 2, fast metabolism 2, strong 1, tough
skin 3
a: Scrying, Transfer Knowledge, Renounce Religion, Evoke Berserk Rage, Evoke
Teleport Control


You were in Pandemonium.
You worshipped Ashenzari.
Ashenzari was extremely pleased with you.
You were full.

You visited 6 branches of the dungeon, and saw 36 of its levels.
You visited Pandemonium 1 time, and saw 5 of its levels.
You visited the Abyss 1 time.
You visited 1 bazaar.
You also visited: Labyrinth and Volcano.

You collected 3386 gold pieces.
You spent 2985 gold pieces at shops.

Inventory:

Hand weapons
 c - a cursed +8,+7 quick blade of stabbing (weapon)
 u - a +4,+1 scimitar of flaming
Armour
 r - a cursed +0 centaur barding (worn)
 v - a cursed +2 troll leather armour (worn)
 B - the +2 hat of the Illusory Realms (worn) {Str+4 Dex+4}
   (You bought it in a shop in a bazaar)

   It affects your strength (+4).
   It affects your dexterity (+4).
 Y - a +1 cloak of poison resistance (worn)
Magical devices
 p - a wand of disintegration (14)
 q - a wand of disintegration (24)
 t - a wand of teleportation (8)
 y - a wand of teleportation (9)
 C - a wand of disintegration (12)
Comestibles
 f - 2 bread rations
 g - 13 meat rations
 W - 6 royal jellies
Scrolls
 l - a scroll of blinking
 o - 2 scrolls of fog
 w - a scroll of summoning
 F - a scroll of magic mapping
 G - a scroll of vulnerability
 N - 4 scrolls of teleportation
 T - a scroll of noise
Jewellery
 j - an uncursed ring of wizardry
 k - a +5 ring of protection
 m - a ring of teleport control (left hand)
 x - an uncursed ring of protection from fire
 H - a cursed ring of regeneration (right hand)
 J - an amulet of rage (around neck)
 K - an uncursed ring of positive energy
 L - an uncursed ring of poison resistance {unknown}
 M - an uncursed amulet of warding
 Q - an uncursed amulet of resist mutation
 R - an uncursed amulet of resist corrosion
 Z - a +6 ring of intelligence
Potions
 a - 2 potions of magic
 e - 2 potions of restore abilities
 z - 2 potions of resistance
 A - 4 potions of might
 E - 2 potions of heal wounds
 I - 11 potions of curing
 X - 2 potions of agility
Books
 b - a Necronomicon {highlevel}

   This book is beyond your current level of understanding.

   Spells                             Type                      Level
   Haunt                              Necromancy/Summoning         7
   Borgnjor's Revivification          Necromancy                   8
   Death's Door                       Charms/Necromancy            8
   Necromutation                      Transmutation/Necromancy     8
 d - a book of Annihilations {highlevel, unknown}

   This book is beyond your current level of understanding.

   Spells                             Type                      Level
   Poison Arrow                       Conjuration/Poison           6
   Chain Lightning                    Conjuration/Air              8
   Lehudib's Crystal Spear            Conjuration/Earth            8
   Glaciate                           Conjuration/Ice              9
   Fire Storm                         Conjuration/Fire             9
 i - a Grand Grimoire {highlevel}

   This book is beyond your current level of understanding.

   Spells                             Type                      Level
   Aura of Abjuration                 Summoning                    6
   Forceful Dismissal                 Summoning                    6
   Haunt                              Necromancy/Summoning         7
   Summon Greater Demon               Summoning                    7
   Malign Gateway                     Summoning/Translocation      7
   Summon Horrible Things             Summoning                    8
 s - a book of Air

   Spells                             Type                      Level
   Shock                              Conjuration/Air              1
   Swiftness                          Charms/Air                   2
   *Repel Missiles                    Charms/Air                   2
   *Flight                            Charms/Air                   3
   Static Discharge                   Conjuration/Air              3
   Lightning Bolt                     Conjuration/Air              5
Magical staves
 P - an uncursed staff of wizardry
 V - an uncursed staff of summoning
Miscellaneous
 n - a phial of floods (inert)
 D - a phial of floods
 O - a fan of gales
Rods
 h - a +2 rod of shadows (12/12)
   (You found it on level 7 of the Lair of Beasts)
 U - a +6 rod of inaccuracy (9/9)
   (You found it in a labyrinth)


   Skills:
 + Level 10.7 Fighting
 * Level 11.5(15.2) Short Blades
 - Level 10.3 Long Blades
 - Level 2.6 Throwing
 + Level 7.7 Armour
 + Level 13.7 Dodging
 - Level 5.0 Spellcasting
 + Level 8.0 Charms
 + Level 7.5 Summonings
 - Level 7.0 Evocations


You had 2 spell levels left.
You knew the following spells:

 Your Spells              Type           Power        Failure   Level  Hunger
a - Repel Missiles        Chrm/Air       ##....       10%         2    ##.....
b - Haste                 Chrm           ###.....     96%         6    #######
c - Conjure Flame         Conj/Fire      #.......     73%         3    ###....
d - Blink                 Tloc           N/A          34%         2    ##.....
e - Summon Lightning Spi  Summ/Air       ##......     45%         4    ####...
f - Regeneration          Chrm/Necr      ##........   14%         3    ###....
g - Flight                Chrm/Air       ##........   14%         3    ###....


Dungeon Overview and Level Annotations

Branches:
Dungeon (15/15)            Temple (1/1) D:7             Orc (4/4) D:12
    Elf (3/3) Orc:3          Lair (8/8) D:11          Slime (0/6) Lair:7
 Vaults (0/5) D:13         Depths (5/5) D:15
  Swamp: Lair:3-6    Shoals: Lair:3-6     Snake: Lair:3-6    Spider: Lair:3-6
    Zot: Depths:5

Altars:
Ashenzari
Dithmenos
Elyvilon
Kikubaaqudgha
Makhleb
Sif Muna
Trog
Vehumet
Xom
Yredelemnul
Zin
The Shining One
Beogh
Jiyva

Shops:
D:4 *=   D:6 *   D:14 (   Orc:4 *}![

Portals:
Hell: Depths:4
Pandemonium: Depths:2
Trove: D:10 (give +6,+4 demon whip)

Annotations:
D:4 Prince Ribbit
D:12 exclusion: upstairs
Elf:1 exclusion: Roxanne, Roxanne
Lair:8 exclusion: oklob plant


Innate Abilities, Weirdness & Mutations

You have hooves in place of feet.
Armour fits poorly on your strangely shaped body.
You digest meat inefficiently.
You cover ground very quickly.
You have a very fast metabolism.
You have extremely tough skin (AC +3).
You have a pair of small horns on your head.
You are surrounded by a mild repulsion field (EV +2).
You are partially covered in yellow scales (AC +2).
You possess an exceptional clarity of mind.
Your body is deteriorating.
Your muscles are strong. (Str +2)


Message History

One of your 2 scrolls of summoning catches fire!
One of your 2 scrolls of vulnerability catches fire!
Two of your 3 scrolls of noise catch fire!
The red draconian annihilator breathes flames at you.
The searing blast misses you.
The red draconian annihilator gestures at you while chanting.
The iron shot hits you!
A titan comes into view.
Unknown command.
Unknown command.
Unknown command.
Casting: Blink
Confirm with . or Enter, or press ? or * to list all spells.
You miscast Blink.
You are very lightly contaminated with residual magic.
You feel a wrenching sensation.
You are engulfed in roaring flames.
* * * LOW HITPOINT WARNING * * *
The titan casts a spell at you. The bolt of lightning hits you!
You die...

* ,,, , , *,, ,,, , , * ,*
, * ** ** ** ** * *** **
*≈≈ ≈≈≈≈ ≈ ≈≈ ,*** ######*
≈≈ #### ≈ ,,, ##.....##*{
≈≈≈≈##..##≈ , , #....2..##
≈ ≈≈≈ #....#≈ , ,,,
*##....d.d§# ≈≈≈≈##....##
,, ,*#..≈..d.@§#
#≈≈≈≈#......# , ,
*..≈≈≈...§§≈##≈≈≈≈#......#
, ,,
,≈≈≈§≈≈.≈§§##≈≈≈.#.....##
,,,, ,,
#≈§§≈§.≈§≈##≈≈........#≈
,, ,
*##§§§§.≈≈≈#≈≈≈.......##≈
,, ,
##§§§.≈≈##≈≈........#≈≈ ,
, ,*
##≈.≈≈≈#≈≈≈.......≈≈≈≈
,,,,,
#≈.≈≈≈#≈≈≈..⌠...≈≈≈≈≈ , ,
,* * ≈C##≈≈.......≈≈≈≈.


You could see a titan, 3 draconians and a green death.

Vanquished Creatures
  Nikola (Depths:2)
  A titan (Pan)
  An Executioner (Pan)
  2 deep elf master archers (Elf:3)
  A fire giant (D:15)
  3 deep elf demonologists (Elf:3)
  7 deep elf sorcerers (Elf:3)
  2 rakshasas (Pan)
  4 deep elf annihilators (Elf:3)
  2 emperor scorpions (Depths:2)
  2 blizzard demons (Pan)
  A green death (Pan)
  An ettin (Depths:4)
  3 deep elf high priests (Elf:3)
  A fire dragon (Lair:8)
  3 hydras
  A ravenous item mimic (Lair:8)
  2 vault guards
  5 deep elf death magi (Elf:3)
  Erica (Lair:8)
  A minotaur (Lab)
  A thrashing horror (Abyss:4)
  Josephine (D:15)
  A spectral elf (Elf:3)
  Snorg (Lair:6)
  A holy swine (Pan)
  6 death yaks
  5 orc high priests (Orc:4)
  2 centaur warriors
  Urug (D:11)
  A very ugly thing (Depths:2)
  A sun demon (Elf:3)
  A catoblepas (Depths:2)
  An iron troll (Depths:4)
  4 large abominations
  3 deep elf knights
  A tengu warrior (Depths:3)
  2 torturous demonspawn (Pan)
  3 wizards (Pan)
  12 orc knights
  5 hill giants
  3 sixfirhies (Pan)
  2 deep elf conjurers
  4 vapours (Pan)
  3 smoke demons (Pan)
  2 lindwurms
  Joseph (D:7)
  The ghost of 4tharraofdagon the Spear-Bearer, an experienced MfGl of Makhleb (D:4)
  An efreet (D:15)
  2 cyclopes
  2 centaur zombies (D:15)
  A queen ant (Lair:5)
  2 red devils
  6 black mambas
  3 giant fireflies (Lair:8)
  2 hell beasts (Pan)
  A hydra zombie (D:14)
  2 hellwings (Pan)
  3 tengu conjurers
  3 fire drakes
  2 griffons
  2 trolls
  2 deep elf priests (Elf:3)
  3 giant leeches (Lair:8)
  12 blink frogs
  Psyche (D:9)
  A molten gargoyle (Volcano)
  A vampire (D:15)
  3 komodo dragons
  9 slime creatures
  8 ravens
  An elf zombie (D:15)
  A fire dragon skeleton (D:15)
  2 shadows
  A trapdoor spider (Lab)
  3 ynoxinuls (Pan)
  5 yaktaurs (Depths:3)
  9 fire bats (Volcano)
  A neqoxec (Orc:4)
  28 yaks
  A boulder beetle (Lair:8)
  2 hungry ghosts (Lab)
  A hill giant skeleton (D:7)
  6 spiny frogs
  Grum (D:12)
  3 wyverns
  3 deep elf magi
  Eustachio (D:4)
  6 hippogriffs
  3 wolves (D:12)
  4 soldier ants
  A warg (Orc:3)
  3 hell hounds (Depths:2)
  4 gargoyles
  A mottled dragon (Volcano)
  6 basilisks
  4 necrophages
  6 porcupines
  9 water moccasins
  An ice beast (D:11)
  4 phantoms
  5 sky beasts
  A yellow wasp (D:11)
  3 orc zombies
  3 elephant slugs (Lair:8)
  10 ogres
  A human simulacrum (D:15)
  9 crocodiles
  12 centaurs
  4 brain worms (Lair:8)
  8 giant slugs
  5 big kobolds
  Blork the orc (D:7)
  4 cyclops skeletons
  2 lava worms (Volcano)
  A scorpion (D:14)
  17 giant frogs
  A lost soul (Elf:3)
  6 wights
  37 orc warriors
  6 killer bees
  A tengu skeleton (D:15)
  A quasit (D:11)
  6 crimson imps
  4 human zombies
  2 iron imps
  5 jellies
  An eye of draining (D:11)
  11 orc wizards
  Crazy Yiuf (D:2)
  A human skeleton (D:15)
  A yaktaur simulacrum (D:14)
  A giant frog skeleton (D:10)
  36 orc priests
  6 iguanas
  14 worker ants
  9 sheep
  An ogre zombie (D:15)
  An elf simulacrum (D:15)
  2 ogre skeletons (D:15)
  A hound zombie (D:9)
  Terence (D:2)
  2 mummies (D:15)
  5 hounds
  11 green rats
  19 adders
  4 shadow imps
  23 worms
  Ijyb (D:7)
  4 giant mites
  A white imp (Depths:3)
  An orc skeleton (D:5)
  2 giant eyeballs
  A goliath beetle (D:10)
  6 giant geckos
  6 oozes
  132 orcs
  17 bats
  2 giant cockroaches
  13 hobgoblins
  14 jackals
  2 giant newts
  10 goblins
  2 hobgoblin skeletons (D:4)
  38 kobolds
  15 quokkas
  34 rats
  3 ballistomycetes (D:10)
  A fungus (D:2)
  A grand avatar (Pan)
  A plant (Lair:8)
920 creatures vanquished.

Vanquished Creatures (collateral kills)
  A deep elf blademaster (Elf:3)
  A deep elf death mage (Elf:3)
  A hydra (Lair:8)
  2 yaks (D:11)
  5 sheep
10 creatures vanquished.

Vanquished Creatures (others)
  An ettin (Depths:2)
  A very ugly thing (Depths:2)
  A deep elf knight (Depths:2)
  A griffon (Lair:8)
  An air elemental (Depths:2)
  8 water elementals
  A raven (Depths:2)
  2 ugly things (Depths:2)
  A neqoxec (Pan)
  2 wights (D:11)
  A sheep (Lair:8)
  An adder (D:11)
  A giant eyeball (D:11)
  A giant spore (D:10)
  6 fungi (Lair:8)
  11 plants
40 creatures vanquished.

Grand Total: 970 creatures vanquished

Notes
Turn   | Place    | Note
--------------------------------------------------------------
     0 | D:1      | 4tharraofdagon, the Centaur Gladiator, began the quest for the Orb.
     0 | D:1      | Reached XP level 1. HP: 17/17 MP: 1/1
   155 | D:1      | Reached XP level 2. HP: 22/24 MP: 2/2
   189 | D:2      | Reached skill level 3 in Long Blades
   191 | D:2      | Noticed Terence
   202 | D:2      | Killed Terence
   238 | D:2      | Reached XP level 3. HP: 28/30 MP: 3/3
   293 | D:2      | Noticed Crazy Yiuf
   308 | D:2      | Killed Crazy Yiuf
   381 | D:2      | Gained mutation: You have a very fast metabolism. [potion of mutation]
   381 | D:2      | Gained mutation: Your muscles are strong. (Str +2) [potion of mutation]
   381 | D:2      | Gained mutation: You are surrounded by a mild repulsion field (EV +2). [potion of mutation]
   425 | D:1      | Reached skill level 1 in Armour
   501 | D:1      | Reached XP level 4. HP: 34/37 MP: 3/3
   920 | D:4      | Noticed 4tharraofdagon's ghost (experienced MfGl)
   941 | D:4      | Killed 4tharraofdagon's ghost
   941 | D:4      | Reached skill level 4 in Long Blades
   941 | D:4      | Reached XP level 5. HP: 9/45 MP: 4/4
   941 | D:4      | Reached XP level 6. HP: 10/51 MP: 5/5
   959 | D:4      | Found an ancient bone altar of Kikubaaqudgha.
   959 | D:4      | Found a deep blue altar of Sif Muna.
  1135 | D:4      | Got a transparent falchion
  1136 | D:4      | Identified the cursed +3,+2 falchion of Night {drain, rElec} (You found it on level 4 of the Dungeon)
  1180 | D:4      | Found Skaeh's Jewellery Boutique.
  1294 | D:5      | Entered Level 5 of the Dungeon
  1333 | D:4      | Reached skill level 5 in Long Blades
  1341 | D:4      | Noticed Eustachio
  1353 | D:4      | Noticed an ogre
  1361 | D:4      | Killed an ogre
  1361 | D:4      | Reached XP level 7. HP: 23/58 MP: 5/5
  1385 | D:4      | Killed Eustachio
  1427 | D:4      | Noticed Prince Ribbit
  1697 | D:5      | Found a shimmering altar of Xom.
  1720 | D:4      | Found Istreinub's Assorted Antiques.
  1728 | D:4      | Bought a scroll labeled RUC GEFUEGHEF for 24 gold pieces
  1728 | D:4      | Bought a scroll labeled FIBLAE MIAT for 24 gold pieces
  1728 | D:4      | Bought a green potion for 21 gold pieces
  1942 | D:6      | Found Sujah's General Store.
  2017 | D:6      | Reached skill level 1 in Evocations
  2060 | D:7      | Reached skill level 6 in Long Blades
  2060 | D:7      | Reached XP level 8. HP: 52/67 MP: 7/7
  2127 | D:7      | Noticed Joseph
  2140 | D:7      | Killed Joseph
  2172 | D:7      | Reached skill level 5 in Fighting
  2242 | D:7      | Noticed Ijyb
  2251 | D:7      | Killed Ijyb
  2384 | D:7      | Reached skill level 7 in Long Blades
  2493 | D:7      | Noticed Blork the orc
  2502 | D:7      | Killed Blork the orc
  2502 | D:7      | Reached XP level 9. HP: 74/74 MP: 11/11
  2521 | D:7      | Found a staircase to the Ecumenical Temple.
  2532 | Temple   | Entered the Ecumenical Temple
  2545 | Temple   | Became a worshipper of Ashenzari the Shackled
  2848 | D:8      | Reached skill level 1 in Spellcasting
  3090 | D:9      | Found a white marble altar of Elyvilon.
  3133 | D:10     | Entered Level 10 of the Dungeon
  3163 | D:10     | Reached skill level 8 in Long Blades
  3217 | D:9      | Reached skill level 5 in Dodging
  3248 | D:9      | Noticed Psyche
  3269 | D:9      | Killed Psyche
  3269 | D:9      | Reached XP level 10. HP: 73/83 MP: 14/14
  3457 | D:11     | Found a labyrinth entrance.
  3457 | D:11     | Noticed Urug
  3462 | D:11     | Found a staircase to the Lair.
  3556 | Lab      | Entered a labyrinth
  4002 | Lab      | Noticed a minotaur
  4008 | Lab      | Killed a minotaur
  4008 | Lab      | Reached skill level 5 in Evocations
  4016 | Lab      | LORD OF TRASH vol. 51
  4023 | Lab      | Identified Fribb's Handbook of Curses (You found it in a labyrinth)
  4149 | D:11     | Reached skill level 9 in Long Blades
  4160 | D:11     | Noticed a hill giant
  4259 | D:11     | Killed a hill giant
  4277 | D:11     | Found a basalt altar of Yredelemnul.
  4412 | D:10     | Reached skill level 5 in Armour
  4497 | D:11     | Noticed a cyclops
  4658 | D:11     | Paralysed by a yellow wasp for 1 turns
  4871 | D:12     | Learned a level 2 spell: Repel Missiles
  4922 | D:12     | Noticed Grum
  4957 | D:12     | Reached XP level 11. HP: 68/92 MP: 18/18
  5028 | D:12     | Killed Grum
  5165 | D:13     | Found a gate to the Vaults.
  5165 | D:13     | Noticed a vault guard
  5165 | D:13     | Noticed a vault guard
  5165 | D:13     | Noticed a vault guard
  5166 | D:13     | Noticed a vault guard
  5208 | D:12     | Killed a vault guard
  5382 | D:10     | Noticed a hill giant
  5424 | D:10     | Killed a hill giant
  5451 | D:10     | Found a portal to a secret trove of treasure.
  5483 | D:10     | HP: 4/93 [yak (15)]
  5564 | D:9      | Found a white marble altar of Elyvilon.
  5733 | D:4      | Bought an uncursed ring of regeneration for 300 gold pieces
  5818 | D:3      | Found a glowing silver altar of Zin.
  6249 | D:11     | Killed Urug
  6249 | D:11     | Reached skill level 10 in Long Blades
  6260 | Lair:1   | Entered Level 1 of the Lair of Beasts
  6261 | Lair:1   | Noticed a four-headed hydra
  6266 | Lair:1   | Killed a four-headed hydra
  6504 | Lair:1   | Identified a scroll of acquirement
  6605 | Lair:1   | Identified a +6 rod of inaccuracy (9/9) (You found it in a labyrinth)
  6678 | Lair:1   | Reached skill level 1 in Short Blades
  6874 | Lair:3   | Noticed a four-headed hydra
  6919 | Lair:2   | Acquired Ashenzari's first power
  7407 | Lair:4   | Noticed a death yak
  7415 | Lair:4   | Noticed a death yak
  7417 | Lair:4   | Noticed a death yak
  7457 | Lair:4   | Killed a death yak
  7457 | Lair:4   | Reached XP level 12. HP: 88/103 MP: 21/21
  7462 | Lair:4   | Killed a death yak
  7535 | Lair:4   | Killed a death yak
  7535 | Lair:4   | Reached skill level 5 in Short Blades
  8100 | Lair:6   | Gained mutation: You have a pair of small horns on your head. [potion of beneficial mutation]
  8104 | Lair:6   | :(
  8120 | Lair:7   | Reached skill level 5 in Spellcasting
  8137 | Lair:7   | Learned a level 6 spell: Haste
  8141 | Lair:7   | Learned a level 3 spell: Conjure Flame
  8144 | Lair:7   | Learned a level 2 spell: Blink
  8158 | Lair:7   | Learned a level 4 spell: Summon Lightning Spire
  8210 | Lair:7   | Found a viscous altar of Jiyva.
  8210 | Lair:7   | Found a staircase to the Slime Pits.
  8311 | Lair:7   | Reached skill level 1 in Charms
  8311 | Lair:7   | Reached skill level 1 in Summonings
  8328 | Lair:7   | Identified a +2 rod of shadows (12/12)
  8407 | Lair:8   | Entered Level 8 of the Lair of Beasts
  8445 | Lair:8   | Noticed a six-headed hydra
  8643 | Lair:8   | Noticed Erica
  9338 | Lair:8   | Learned a level 3 spell: Regeneration
  9359 | Lair:8   | Reached XP level 13. HP: 99/111 MP: 23/23
  9500 | Lair:8   | Noticed a fire dragon
  9507 | Lair:8   | Killed a fire dragon
  9726 | Lair:8   | Noticed a five-headed hydra
  9746 | Lair:8   | Noticed a six-headed hydra
  9793 | Lair:8   | a six-headed hydra (ally) was killed
  9797 | Lair:8   | Killed a six-headed hydra
  9799 | Lair:8   | a five-headed hydra (ally) was killed
  9818 | Lair:8   | Killed Erica
  9895 | Lair:6   | Acquired Ashenzari's second power
  9973 | Lair:6   | Noticed Snorg
  9994 | Lair:6   | Killed Snorg
 10028 | Lair:6   | Noticed a five-headed hydra
 10029 | Lair:6   | Noticed a seven-headed hydra
 10137 | Lair:5   | Identified the cursed -2 leather armour "Homupyl" {rN+ MR++ Int+3 Acc+4}
 10467 | D:12     | Found a staircase to the Orcish Mines.
 10495 | Orc:1    | Entered Level 1 of the Orcish Mines
 10528 | Orc:1    | Found a roughly hewn altar of Beogh.
 11173 | Orc:3    | Found a staircase to the Elven Halls.
 11418 | Orc:3    | Found a dark tunnel.
 11435 | Volcano  | Entered a volcano
 11526 | Volcano  | Acquired Ashenzari's third power
 11556 | Volcano  | Found a radiant altar of Vehumet.
 11569 | Volcano  | Reached skill level 5 in Charms
 11659 | Volcano  | Reached skill level 5 in Summonings
 11840 | Orc:4    | Entered Level 4 of the Orcish Mines
 12246 | Orc:4    | Reached skill level 10 in Short Blades
 12674 | Orc:4    | Reached XP level 14. HP: 91/119 MP: 24/24
 12981 | Orc:4    | Found Ixuotymu's Armour Boutique.
 12983 | Orc:4    | Found Kemukaer's Distillery.
 12985 | Orc:4    | Found Cesip's Gadget Shop.
 12986 | Orc:4    | Found Ponob's Assorted Antiques.
 12993 | Orc:4    | Bought a potion of beneficial mutation for 385 gold pieces
 12993 | Orc:4    | Bought a potion of heal wounds for 33 gold pieces
 12993 | Orc:4    | Bought a potion of heal wounds for 33 gold pieces
 12993 | Orc:4    | Bought 2 potions of heal wounds for 66 gold pieces
 12995 | Orc:4    | Gained mutation: You possess an exceptional clarity of mind. [potion of beneficial mutation]
 12997 | Orc:4    | Bought a potion of curing for 22 gold pieces
 12997 | Orc:4    | Bought a potion of curing for 22 gold pieces
 12997 | Orc:4    | Bought a potion of resistance for 77 gold pieces
 13003 | Orc:4    | Bought a potion of heal wounds for 108 gold pieces
 13003 | Orc:4    | Bought a potion of agility for 90 gold pieces
 13005 | Orc:4    | Bought a wand of disintegration (16) for 300 gold pieces
 13142 | Orc:4    | Reached skill level 10 in Fighting
 13385 | Elf:1    | Entered Level 1 of the Elven Halls
 13385 | Elf:1    | Noticed Roxanne
 13459 | Elf:3    | Entered Level 3 of the Elven Halls
 13499 | Elf:3    | Noticed a deep elf sorcerer
 13522 | Elf:3    | Cast into the Abyss (deep elf sorcerer)
 13620 | Abyss:4  | Found a corrupted altar of Lugonu.
 13736 | Abyss:4  | Gained mutation: Your body is slowly deteriorating. [a neqoxec]
 13770 | Elf:3    | Escaped the Abyss
 13778 | Elf:3    | Killed a deep elf sorcerer
 13780 | Elf:3    | Noticed a deep elf sorcerer
 13785 | Elf:3    | Killed a deep elf sorcerer
 13788 | Elf:3    | Noticed a deep elf sorcerer
 13793 | Elf:3    | Killed a deep elf sorcerer
 13794 | Elf:3    | Noticed a deep elf sorcerer
 13797 | Elf:3    | Killed a deep elf sorcerer
 13803 | Elf:3    | Noticed a deep elf sorcerer
 13809 | Elf:3    | Killed a deep elf sorcerer
 13853 | Elf:3    | Noticed a deep elf blademaster
 13877 | Elf:3    | Killed a deep elf blademaster
 13994 | Elf:3    | Reached skill level 11 in Short Blades
 14070 | Elf:3    | Noticed a deep elf sorcerer
 14086 | Elf:3    | Killed a deep elf sorcerer
 14129 | Elf:3    | Noticed a deep elf master archer
 14152 | Elf:3    | Killed a deep elf master archer
 14380 | Elf:3    | Got an uncursed crude bronze amulet
 14410 | Elf:3    | Got a cursed slimy platinum ring
 14444 | Elf:3    | Noticed a deep elf sorcerer
 14467 | Elf:3    | Identified the +5,+8 hand axe of Kiuluk {holy, rC+ Int+2}
 14468 | Elf:3    | Killed a deep elf sorcerer
 14552 | Elf:3    | Identified the cursed +0 ring mail of the Sun {Dex+2 Int+2}
 14576 | Elf:3    | Noticed a deep elf master archer
 14581 | Elf:3    | Reached XP level 15. HP: 128/128 MP: 25/25
 14729 | Elf:3    | Killed a deep elf master archer
 14740 | Elf:3    | Got an uncursed scintillating ivory amulet
 14747 | Elf:3    | Identified the amulet "Miemapt" {Clar Int+3} (You took it off a deep elf death mage on level 3 of the Elven Halls)
 14765 | Elf:3    | Identified the amulet "Jupysme" {Stasis Hunger} (You took it off a deep elf master archer on level 3 of the Elven Halls)
 14765 | Elf:3    | Identified the cursed ring "Feanoef" {rF+ Acc-2 Dam-2} (You took it off a deep elf mage on level 3 of the Elven Halls)
 14802 | Elf:3    | Identified the cursed -1,-2 whip of Immorality {venom, +Rage rN+} (You took it off a deep elf death mage on level 3 of the Elven Halls)
 15385 | Orc:1    | Acquired Ashenzari's fourth power
 15476 | D:13     | Killed a vault guard
 15560 | D:14     | Found Yfavit's Weapon Emporium.
 15949 | D:15     | Entered Level 15 of the Dungeon
 15962 | D:15     | Found a staircase to the Depths.
 16132 | D:15     | Found a basalt altar of Yredelemnul.
 16218 | D:15     | Found a shadowy altar of Dithmenos.
 16297 | D:15     | Noticed Josephine
 16315 | D:15     | Killed Josephine
 16410 | D:15     | Reached skill level 10 in Dodging
 16630 | Depths:1 | Entered Level 1 of the Depths
 16668 | Depths:2 | HP: 1/124 [emperor scorpion (9)]
 16807 | Depths:3 | Gained mutation: Your body is deteriorating. [potion of mutation]
 16835 | Depths:3 | Found a flickering gateway to a bazaar.
 17006 | Bazaar   | Entered a bazaar
 17007 | Bazaar   | Found Dowkun's Distillery.
 17007 | Bazaar   | Found Shamniof's Armour Boutique.
 17010 | Bazaar   | Found Cunaumn's Magic Scroll Shoppe.
 17012 | Bazaar   | Found Umuv's Jewellery Boutique.
 17022 | Bazaar   | Found Hequosku's Assorted Antiques.
 17030 | Bazaar   | Found Awoika Conk's Gadget Emporium.
 17067 | Bazaar   | Bought the +2 hat of the Illusory Realms {Str+4 Dex+4} for 453 gold pieces
 17075 | Bazaar   | Bought a potion of beneficial mutation for 525 gold pieces
 17075 | Bazaar   | Bought a potion of curing for 30 gold pieces
 17075 | Bazaar   | Bought a potion of heal wounds for 45 gold pieces
 17075 | Bazaar   | Bought a potion of curing for 30 gold pieces
 17075 | Bazaar   | Bought a potion of might for 37 gold pieces
 17075 | Bazaar   | Bought a potion of might for 37 gold pieces
 17076 | Bazaar   | Bought a potion of degeneration for 30 gold pieces
 17076 | Bazaar   | Bought a potion of confusion for 15 gold pieces
 17078 | Bazaar   | Gained mutation: You are partially covered in yellow scales (AC +2). [potion of beneficial mutation]
 17086 | Bazaar   | Bought a cursed ring of hunger for 22 gold pieces
 17090 | Bazaar   | Bought a scroll of remove curse for 75 gold pieces
 17126 | Bazaar   | Bought a scroll of teleportation for 39 gold pieces
 17126 | Bazaar   | Bought a scroll of blinking for 97 gold pieces
 17126 | Bazaar   | Bought a scroll of enchant weapon I for 45 gold pieces
 17194 | Depths:4 | Found a gateway to Hell.
 17280 | Depths:5 | Entered Level 5 of the Depths
 17491 | Depths:2 | Noticed Nikola
 17574 | Depths:2 | Killed Nikola
 17580 | Depths:2 | Reached skill level 12 in Dodging
 17696 | Depths:2 | Learned a level 3 spell: Flight
 17710 | Depths:2 | Found a one-way gate leading to the halls of Pandemonium.
 17792 | Pan      | Entered Pandemonium
 17909 | Pan      | Noticed an Executioner
 17915 | Pan      | Noticed an ancient champion
 17977 | Pan      | Found a gateway to a ziggurat.
 18055 | Pan      | Killed an Executioner
 18055 | Pan      | Reached skill level 13 in Dodging
 18238 | Pan      | HP: 6/124 [the Shining One's cleansing flame (8)]
 18314 | Pan      | Entered the realm of Lom Lobon.
 18437 | Pan      | Noticed a titan
 18480 | Pan      | Killed a titan
 18480 | Pan      | Reached XP level 16. HP: 39/132 MP: 25/25
 18780 | Pan      | Noticed a storm dragon
 18819 | Pan      | Noticed a titan
 18819 | Pan      | Killed from afar by a titan

Action                   |  1- 3 |  4- 6 |  7- 9 | 10-12 | 13-15 | 16-18 || total
-------------------------+-------+-------+-------+-------+-------+-------++-------
Melee: Long sword        |    68 |   134 |       |       |       |       ||   202
       Falchion          |       |    28 |   339 |  1127 |  1571 |       ||  3065
       Quick blade       |       |       |       |       |   366 |    74 ||   440
Throw: Throwing net      |     3 |     1 |     3 |       |       |       ||     7
 Cast: Repel Missiles    |       |       |       |     3 |     7 |       ||    10
       Blink             |       |       |       |       |     4 |       ||     4
       Flight            |       |       |       |       |     1 |       ||     1
 Abil: Evoke Berserk Rag |       |       |     6 |    21 |    29 |       ||    56
       Evoke Teleport Co |       |       |       |     1 |     4 |     1 ||     6
Evoke: Wand              |     1 |       |     2 |    13 |     9 |       ||    25
       Phial of floods   |       |       |       |     1 |     5 |       ||     6
       Fan of gales      |       |       |       |       |     2 |       ||     2
  Use: Potion            |     3 |     1 |       |     7 |    21 |       ||    32
       Scroll            |       |     6 |     4 |    32 |    33 |     1 ||    76
 Stab: Held in net/web   |     3 |     2 |       |       |       |       ||     5
       Distracted        |       |       |       |       |     3 |       ||     3
